Map: 2000 애트모스피어 - 래더

Players

Demi

  • Race: Zerg Zerg
  • League: Diamond

DPGDark (Dark) - Winner!

  • Race: Zerg Zerg
  • League: Master

Event: DreamHack SC2 Masters Last Chance 2022

VOD

Have the link to the VOD?

Description

Time

  • Played on: Dec. 15, 2021, 4:15 a.m.
  • Length: 5:13

All games in this series

Show
View Real Time Build Order
Export as new Build Order

Demi Zerg 

Build Orders: Hatch First 

Get SALT Encoding   

  12  0:00  Drone  
  13  0:12  Overlord  
  13  0:17  Drone  
  14  0:31  Drone x2  
  16  0:47  Hatchery  
  15  0:50  Drone  
  15  0:54  Drone  
  18  0:57  Drone  
  18  1:07  Extractor  
  17  1:12  Spawning Pool  
  17  1:15  Drone  
  17  1:18  Drone  
  18  1:28  Drone  
  19  1:38  Drone  
  20  1:49  Overlord  
  20  1:59  Queen x2  
  20  2:00  Zergling x2  
  20  2:01  Drone  
  26  2:08  Metabolic Boost  
  26  2:10  Drone  
  26  2:13  Drone  
  28  2:23  Zergling x2  
  28  2:24  Drone  
  30  2:32  Hatchery  
  30  2:35  Drone  
  30  2:39  Drone  
  30  2:44  Baneling Nest  
  30  2:51  Drone  
  31  2:52  Drone  
  31  2:57  Queen  
  34  3:00  Overlord  
  34  3:07  Drone  
  34  3:08  Drone  
  36  3:17  Overlord  
  36  3:19  Drone  
  37  3:20  Zergling x8  
  37  3:26  Drone x2  
  43  3:33  Drone, Evolution Chamber  
  43  3:38  Drone  
  43  3:40  Zergling x4  
  43  3:41  Zergling x2  
  47  3:42  Baneling x2  
  46  3:49  Drone x2  
  46  3:53  Drone x2  
  46  3:54  Queen  
  50  4:01  Baneling  
  48  4:04  Drone x3  
  48  4:07  Zergling x8  
  54  4:13  Overlord  
  54  4:17  Drone  
  54  4:18  Drone x2  
  54  4:21  Overlord  
  57  4:27  Baneling  
  57  4:28  Baneling  
  57  4:33  Drone x3  
  57  4:34  Drone x4  
  63  4:39  Extractor x2  
  63  4:42  Roach Warren  
  60  4:47  Baneling x2  
  59  4:54  Zergling x18  
Show
View Real Time Build Order
Export as new Build Order

DPGDark Zerg - Winner!

Build Orders: Hatch First, Zergling Baneling 

Get SALT Encoding   

  12  0:00  Drone  
  13  0:12  Overlord  
  13  0:17  Drone  
  14  0:30  Drone x2  
  16  0:50  Hatchery  
  16  0:53  Drone  
  16  0:56  Drone  
  17  0:59  Drone  
  18  1:10  Extractor  
  17  1:13  Spawning Pool  
  17  1:17  Drone  
  17  1:20  Drone  
  18  1:28  Drone  
  19  1:39  Drone  
  20  1:50  Drone  
  21  2:02  Queen x2  
  21  2:03  Drone  
  21  2:04  Zergling x2  
  27  2:12  Drone, Metabolic Boost  
  27  2:14  Overlord  
  28  2:33  Drone x2  
  28  2:34  Zergling x2  
  28  2:35  Drone  
  32  2:38  Hatchery  
  31  2:45  Queen  
  33  2:52  Baneling Nest  
  33  2:57  Overlord  
  32  2:58  Drone  
  32  3:04  Drone x2  
  36  3:12  Zergling x2  
  36  3:16  Zergling x8  
  36  3:18  Zergling x2  
  41  3:26  Overlord  
  41  3:27  Drone  
  41  3:28  Drone  
  41  3:29  Zergling x2  
  44  3:37  Baneling x2  
  44  3:41  Overlord  
  44  3:45  Drone x3  
  44  3:47  Extractor  
  46  3:52  Zergling x6  
  46  3:53  Zergling x2  
  48  3:59  Drone x3  
  50  4:06  Zergling x4  
  50  4:12  Baneling x2  
  50  4:14  Zergling x6  
  53  4:19  Zergling x10  
  53  4:22  Baneling x2  
  58  4:27  Baneling  
  58  4:28  Baneling x5  
  58  4:29  Baneling  
  58  4:30  Zergling x2  
  59  4:35  Zergling x6  
  59  4:38  Zergling x2  
  63  4:42  Baneling x2  
  63  4:51  Zergling x10  
  65  4:55  Baneling  
  65  4:56  Baneling x2  

Tags
 
Add a new tag
Caveats
  • Supply blocks, unpowered buildings, or Contaminate may cause inaccurate times.
  • Supply counts are checked every 10 seconds.